A- EAST
FREDERICKSBURG NATIONALS @ DELMARVA SHOREBIRDS
09/07/2041
 
TOP OF THE 1ST
Fredericksburg Nationals batting - Pitching for Delmarva Shorebirds : RHP Augusto Arenas
Pitching: RHP Augusto Arenas
Batting: RHB Jesús Balderas 0-0: Ball
1-0: Ball
2-0: Bunted foul
2-1: Swinging Strike
2-2: Ball
3-2: Strikes out looking
Batting: RHB Víctor Peña 0-0: Fly out, F8 (Line Drive, 8RD, EV 93.1 MPH)
Batting: RHB José Marino 0-0: Ball
1-0: Ball
2-0: Foul Ball, location: 3F
2-1: Ball
3-1: Base on Balls
Batting: RHB Jerry Campoamor 0-0: Called Strike
0-1: Ball
1-1: Fly out, F4 (Popup, 4, EV 60.0 MPH)
Top of the 1st over - 0 runs, 0 hits, 0 errors, 1 left on base; Fredericksburg 0 - Delmarva 0
BOTTOM OF THE 1ST
Delmarva Shorebirds batting - Pitching for Fredericksburg Nationals : LHP Rusty Christensen
Pitching: LHP Rusty Christensen
Batting: RHB Pepe Pueblo 0-0: SOLO HOME RUN (Flyball, 89XD, EV 103.8 MPH), Distance : 403 ft
Batting: RHB Pat Pallister 0-0: Ball
1-0: Ball
2-0: Foul Ball, location: 9LSF
2-1: Swinging Strike
2-2: Foul Ball, location: 2F
2-2: SOLO HOME RUN (Flyball, 7D, EV 96.9 MPH), Distance : 362 ft
Batting: LHB Brett Leseberg 0-0: Called Strike
0-1: Ball
1-1: Ball
2-1: Ball
3-1: Foul Ball, location: 2F
3-2: Base on Balls
Batting: LHB Tim Rogers 0-0: Called Strike
0-1: Called Strike
0-2: Foul Ball, location: 7LDF
0-2: Fly out, F6 (Line Drive, 6M, EV 65.0 MPH)
Batting: RHB Walt Baker 0-0: Called Strike
Brett Leseberg is caught stealing 2nd base 2-4
0-1: Ball
1-1: SINGLE (Line Drive, 89S, EV 90.6 MPH)
Batting: SHB Don Dubois 0-0: Ball
1-0: Called Strike
1-1: Ball
2-1: Called Strike
2-2: Ball
3-2: Base on Balls
Walt Baker to second
Batting: RHB Ron Lee 0-0: Ball
1-0: Foul Ball, location: 2F
1-1: DOUBLE (Line Drive, 89M, EV 91.3 MPH)
Walt Baker scores
Don Dubois to third
Runner from 3rd tries for Home, SAFE, no throw by CF
Batting: RHB Juan Santiago 0-0: Ball
1-0: Fly out, F9 (Line Drive, 9, EV 101.3 MPH)
Bottom of the 1st over - 4 runs, 4 hits, 0 errors, 1 left on base; Fredericksburg 0 - Delmarva 4
TOP OF THE 2ND
Fredericksburg Nationals batting - Pitching for Delmarva Shorebirds : RHP Augusto Arenas
Now at 1B: Ron Lee
Now in LF: Orlando Flores
Batting: RHB Juan Ramírez 0-0: Ball
1-0: Ball
2-0: Ball
3-0: Base on Balls
Batting: RHB Juan Padrel 0-0: Ball
1-0: Ball
2-0: Foul Ball, location: 2F
2-1: Foul Ball, location: 3FF
2-2: Strikes out looking
Batting: RHB Esteban Gonzáles 0-0: Ball
1-0: Called Strike
1-1: Swinging Strike
1-2: Ground out 4-3 (Groundball, 4, EV 70.0 MPH)
Juan Ramírez to second
Batting: LHB Steve Norton 0-0: Foul Ball, location: 9LMFF
0-1: Foul Ball, location: 7LSF
0-2: Strikes out swinging
Top of the 2nd over - 0 runs, 0 hits, 0 errors, 1 left on base; Fredericksburg 0 - Delmarva 4
BOTTOM OF THE 2ND
Delmarva Shorebirds batting - Pitching for Fredericksburg Nationals : LHP Rusty Christensen
Batting: RHB Carol Vroom 0-0: Foul Ball, location: 3F
0-1: Ball
1-1: Ball
2-1: Ball
3-1: Foul Ball, location: 2F
3-2: Strikes out swinging
Batting: RHB Pepe Pueblo 0-0: Ground out U3 (Groundball, 34S, EV 83.8 MPH)
Batting: RHB Pat Pallister 0-0: Ball
1-0: Called Strike
1-1: Ball
2-1: Ball
3-1: Base on Balls
Batting: RHB Orlando Flores 0-0: Ball
1-0: Foul Ball, location: 9LMF
1-1: Ball
Pat Pallister steals 2nd base
2-1: Ball
3-1: Foul Ball, location: 5F
3-2: DOUBLE (Flyball, 89D, EV 95.6 MPH)
Pat Pallister scores
Batting: LHB Tim Rogers 0-0: SINGLE (Groundball, 4S, EV 62.5 MPH) (infield hit)
Orlando Flores to third
Batting: RHB Walt Baker 0-0: Foul Ball, location: 7LSF
0-1: Foul Ball, location: 9LSF
0-2: Fielders Choice at 2nd, 6-4 (Groundball, 6, EV 89.4 MPH)
Bottom of the 2nd over - 1 run, 2 hits, 0 errors, 2 left on base; Fredericksburg 0 - Delmarva 5
TOP OF THE 3RD
Fredericksburg Nationals batting - Pitching for Delmarva Shorebirds : RHP Augusto Arenas
Batting: RHB Kieran Pittman 0-0: Swinging Strike
0-1: Swinging Strike
0-2: Ball
1-2: Strikes out swinging
Batting: RHB Jesús Balderas 0-0: SINGLE (Groundball, 6MD, EV 94.4 MPH)
Batting: RHB Víctor Peña 0-0: Ball
1-0: Fly out, F5 (Popup, 5SF, EV 89.4 MPH)
Batting: RHB José Marino 0-0: Ball
1-0: Called Strike
1-1: Ball
2-1: Called Strike
2-2: Fly out, F8 (Flyball, 8LM, EV 88.8 MPH)
Top of the 3rd over - 0 runs, 1 hit, 0 errors, 1 left on base; Fredericksburg 0 - Delmarva 5
BOTTOM OF THE 3RD
Delmarva Shorebirds batting - Pitching for Fredericksburg Nationals : LHP Rusty Christensen
Pitching: RHP Sokol Kula
Batting: SHB Don Dubois 0-0: Ground out U3 (Groundball, 3L, EV 87.5 MPH)
Batting: RHB Ron Lee 0-0: Fly out, F7 (Line Drive, 78M, EV 87.5 MPH)
Batting: RHB Juan Santiago 0-0: Fly out, F9 (Flyball, 9D, EV 92.5 MPH)
Bottom of the 3rd over - 0 runs, 0 hits, 0 errors, 0 left on base; Fredericksburg 0 - Delmarva 5
TOP OF THE 4TH
Fredericksburg Nationals batting - Pitching for Delmarva Shorebirds : RHP Augusto Arenas
Batting: RHB Jerry Campoamor 0-0: Called Strike
0-1: Swinging Strike
0-2: Strikes out swinging
Batting: RHB Juan Ramírez 0-0: Called Strike
0-1: Foul Ball, location: 2F
0-2: Fly out, F7 (Flyball, 7D, EV 101.9 MPH)
Batting: RHB Juan Padrel 0-0: Ball
1-0: Ball
2-0: Ball
3-0: Called Strike
3-1: Foul Ball, location: 9LSF
3-2: SINGLE (Groundball, 6MS, EV 68.1 MPH) (infield hit)
Batting: RHB Esteban Gonzáles 0-0: Ball
1-0: Ball
2-0: Ball
3-0: Called Strike
3-1: Foul Ball, location: 2F
3-2: Foul Ball, location: 3SF
3-2: Base on Balls
Juan Padrel to second
Batting: LHB Steve Norton 0-0: Ball
1-0: Foul Ball, location: 23F
1-1: Ground out 4-3 (Groundball, 4, EV 101.3 MPH)
Top of the 4th over - 0 runs, 1 hit, 0 errors, 2 left on base; Fredericksburg 0 - Delmarva 5
BOTTOM OF THE 4TH
Delmarva Shorebirds batting - Pitching for Fredericksburg Nationals : RHP Sokol Kula
Batting: RHB Carol Vroom 0-0: Fly out, F9 (Flyball, 89D, EV 86.3 MPH)
Batting: RHB Pepe Pueblo 0-0: Ball
1-0: Fly out, F6 (Popup, 6D, EV 48.1 MPH)
Batting: RHB Pat Pallister 0-0: Foul Ball, location: 9LDF
0-1: Ball
1-1: Ball
2-1: Called Strike
2-2: Ground out 3-1 (Groundball, 34, EV 82.5 MPH)
Bottom of the 4th over - 0 runs, 0 hits, 0 errors, 0 left on base; Fredericksburg 0 - Delmarva 5
TOP OF THE 5TH
Fredericksburg Nationals batting - Pitching for Delmarva Shorebirds : RHP Augusto Arenas
Batting: RHB Kieran Pittman 0-0: Ball
1-0: Ball
2-0: Foul Ball, location: 9LSF
2-1: Foul Ball, location: 9LSF
2-2: Strikes out swinging
Batting: RHB Jesús Balderas 0-0: Called Strike
0-1: Foul Ball, location: 9LDF
0-2: Ball
1-2: Ball
2-2: Strikes out looking
Batting: RHB Víctor Peña 0-0: Called Strike
0-1: Called Strike
0-2: Ball
1-2: Ball
2-2: Ball
3-2: Strikes out looking
Top of the 5th over - 0 runs, 0 hits, 0 errors, 0 left on base; Fredericksburg 0 - Delmarva 5
BOTTOM OF THE 5TH
Delmarva Shorebirds batting - Pitching for Fredericksburg Nationals : RHP Sokol Kula
Batting: RHB Orlando Flores 0-0: Ball
1-0: Ground out 6-3 (Groundball, 6, EV 103.1 MPH)
Batting: LHB Tim Rogers 0-0: Ball
1-0: Fly out, F9 (Flyball, 9LM, EV 94.4 MPH)
Batting: RHB Walt Baker 0-0: Ball
1-0: Hit by Pitch
Batting: SHB Don Dubois 0-0: Called Strike
0-1: Ball
1-1: Hit by Pitch
Walt Baker to second
Batting: RHB Ron Lee 0-0: DOUBLE (Flyball, 89XD, EV 106.9 MPH)
Walt Baker scores
Don Dubois to third
Batting: RHB Juan Santiago 0-0: Called Strike
0-1: Fly out, F9 (Flyball, 9LS, EV 90.0 MPH)
Bottom of the 5th over - 1 run, 1 hit, 0 errors, 2 left on base; Fredericksburg 0 - Delmarva 6
TOP OF THE 6TH
Fredericksburg Nationals batting - Pitching for Delmarva Shorebirds : RHP Augusto Arenas
Pitching: RHP Geremia Velo
Batting: RHB José Marino 0-0: Fly out, F8 (Flyball, 8LD, EV 90.0 MPH)
Batting: RHB Jerry Campoamor 0-0: Swinging Strike
0-1: Ball
1-1: Swinging Strike
1-2: Foul Ball, location: 9LMF
1-2: Ball
2-2: Fly out, F6 (Popup, 4MD, EV 70.6 MPH)
Batting: RHB Juan Ramírez 0-0: Fly out, F9 (Flyball, 9S, EV 86.9 MPH)
Top of the 6th over - 0 runs, 0 hits, 0 errors, 0 left on base; Fredericksburg 0 - Delmarva 6
BOTTOM OF THE 6TH
Delmarva Shorebirds batting - Pitching for Fredericksburg Nationals : RHP Sokol Kula
Batting: RHB Carol Vroom 0-0: Ground out 4-3 (Groundball, 4MD, EV 96.3 MPH)
Batting: RHB Pepe Pueblo 0-0: Called Strike
0-1: Foul Ball, location: 7LSF
0-2: Ball
1-2: Ball
2-2: SINGLE (Groundball, 4D, EV 105.0 MPH)
Batting: RHB Pat Pallister 0-0: Foul Ball, location: 9LMF
0-1: Swinging Strike
0-2: SINGLE (Flyball, 4D, EV 98.8 MPH)
Pepe Pueblo to second
Batting: RHB Orlando Flores 0-0: Ball
1-0: Ball
2-0: Ball
3-0: Base on Balls
Pepe Pueblo to third
Pat Pallister to second
Batting: LHB Tim Rogers 0-0: Ball
1-0: Ball
2-0: Called Strike
2-1: Ball
3-1: Base on Balls
Pepe Pueblo scores
Pat Pallister to third
Orlando Flores to second
Batting: RHB Walt Baker 0-0: Ball
1-0: Foul Ball, location: 5FF
1-1: Grounds into fielders choice 5-2 (Groundball, 5L, EV 89.4 MPH)
Orlando Flores to third
Tim Rogers to second
Batting: SHB Don Dubois 0-0: Fly out, F8 (Line Drive, 8RM, EV 108.8 MPH)
Bottom of the 6th over - 1 run, 2 hits, 0 errors, 3 left on base; Fredericksburg 0 - Delmarva 7
TOP OF THE 7TH
Fredericksburg Nationals batting - Pitching for Delmarva Shorebirds : RHP Geremia Velo
Pinch Hitting: RHB Lonnie Dillard 0-0: Ball
1-0: Swinging Strike
1-1: Ball
2-1: Ball
3-1: Base on Balls
Pinch Hitting: LHB Orlando Jiménez 0-0: Ball
Lonnie Dillard steals 2nd base (no throw)
1-0: Ball
2-0: Called Strike
2-1: Ball
3-1: Called Strike
3-2: Strikes out looking
Pinch Hitting: RHB Dan Parsons 0-0: Swinging Strike
0-1: SINGLE (Line Drive, 89M, EV 93.1 MPH)
Lonnie Dillard to third
Batting: RHB Kieran Pittman 0-0: Grounds into double play, 5-4-3 (Groundball, 5S, EV 90.0 MPH)
Top of the 7th over - 0 runs, 1 hit, 0 errors, 1 left on base; Fredericksburg 0 - Delmarva 7
BOTTOM OF THE 7TH
Delmarva Shorebirds batting - Pitching for Fredericksburg Nationals : RHP Sokol Kula
Now at 1B: Dan Parsons
Now at 2B: Lonnie Dillard
Now at 3B: José Rivera
Batting: RHB Ron Lee 0-0: Called Strike
0-1: Ball
1-1: Foul Ball, location: 9LDF
1-2: Foul Ball, location: 23F
1-2: Ball
2-2: Foul Ball, location: 2F
2-2: Foul Ball, location: 3DF
2-2: Ball
3-2: Base on Balls
Batting: RHB Juan Santiago 0-0: Called Strike
0-1: Fly out, F2 (Popup, 15S, EV 92.5 MPH)
Batting: RHB Carol Vroom 0-0: Ball
1-0: Foul Ball, location: 2F
1-1: Swinging Strike
1-2: Ball
2-2: Fly out, F7 (Flyball, 7LM, EV 80.6 MPH)
Batting: RHB Pepe Pueblo 0-0: Called Strike
Ron Lee steals 2nd base
0-1: Called Strike
0-2: Ball
1-2: Ground out 5-3 (Groundball, 56, EV 81.9 MPH)
Bottom of the 7th over - 0 runs, 0 hits, 0 errors, 1 left on base; Fredericksburg 0 - Delmarva 7
TOP OF THE 8TH
Fredericksburg Nationals batting - Pitching for Delmarva Shorebirds : RHP Geremia Velo
Pinch Hitting: LHB Jud Foster 0-0: Ball
1-0: Called Strike
1-1: Foul Ball, location: 7LMF
1-2: Strikes out swinging
Pinch Hitting: RHB Tim McKernan 0-0: Ball
1-0: Called Strike
1-1: Called Strike
1-2: Foul Ball, location: 2F
1-2: Ball
2-2: Strikes out swinging
Batting: RHB José Marino 0-0: Ball
1-0: Ball
2-0: Called Strike
2-1: Ball
3-1: Swinging Strike
3-2: Fly out, F9 (Flyball, 89M, EV 90.6 MPH)
Top of the 8th over - 0 runs, 0 hits, 0 errors, 0 left on base; Fredericksburg 0 - Delmarva 7
BOTTOM OF THE 8TH
Delmarva Shorebirds batting - Pitching for Fredericksburg Nationals : RHP Sokol Kula
Now at 3B: Tim McKernan
Now in LF: Rob Thomas
Now in CF: Jerry Campoamor
Now in RF: José Rivera
Batting: RHB Pat Pallister 0-0: Ball
1-0: Ball
2-0: Called Strike
2-1: Foul Ball, location: 23F
2-2: DOUBLE (Line Drive, 89M, EV 88.1 MPH)
Pitching: RHP Joe Gates
Batting: RHB Orlando Flores 0-0: Fly out, F8 (Flyball, 89D, EV 91.9 MPH)
Runner from 2nd tags up, SAFE at 3rd, no throw by CF
Batting: LHB Tim Rogers 0-0: Called Strike
0-1: Foul Ball, location: 5FF
0-2: Strikes out looking
Batting: RHB Walt Baker 0-0: Ground out 5-3 (Groundball, 56S, EV 84.4 MPH)
Bottom of the 8th over - 0 runs, 1 hit, 0 errors, 1 left on base; Fredericksburg 0 - Delmarva 7
TOP OF THE 9TH
Fredericksburg Nationals batting - Pitching for Delmarva Shorebirds : RHP Geremia Velo
Batting: RHB Jerry Campoamor 0-0: Ball
1-0: Ball
2-0: Ball
3-0: Base on Balls
Pinch Hitting: RHB José Salquero 0-0: Ball
1-0: Ball
2-0: Called Strike
2-1: Swinging Strike
2-2: Strikes out swinging
Batting: RHB Lonnie Dillard 0-0: Called Strike
0-1: Grounds into double play, 5-4-3 (Groundball, 56, EV 83.8 MPH)
Top of the 9th over - 0 runs, 0 hits, 0 errors, 0 left on base; Fredericksburg 0 - Delmarva 7
Monday, April 1st , 2024 - OOTP Baseball 24.10 Build 82